 Dungeon Crawl Stone Soup version 0.18-a0-1782-gb76a692 (webtiles) character file.

934 nubinia the Magician (level 7, -3/32 HPs)
             Began as a Spriggan Venom Mage on Apr 17, 2016.
             Was a Priest of Okawaru.
             Killed by divine providence
             ... invoked by an orc priest
              (13 damage)
             ... on level 6 of the Dungeon.
             The game lasted 00:24:28 (4530 turns).

nubinia the Magician (Spriggan Venom Mage)          Turns: 4530, Time: 00:24:29

Health: -3/32      AC:  6    Str: 13    XL:     7   Next: 86%
Magic:  13/17      EV: 22    Int: 18    God:    Okawaru [***...]
Gold:   312        SH:  0    Dex: 17    Spells: 4 memorised, 10 levels left

rFire  . . .     SeeInvis +     n - +2 war axe "Quab" {drain, Str+9}
rCold  . . .     Gourm    .     a - +1 robe
rNeg   . . .     Faith    .     (shield currently unavailable)
rPois  .         Spirit   .     (helmet restricted)
rElec  .         Dismiss  .     (no cloak)
rCorr  +         Reflect  .     (gloves unavailable)
SustAt .         Harm     +     (boots unavailable)
MR     +....                    E - amulet of harm
Stlth  +++.......               e - ring of resist corrosion
                                x - +3 ring of protection

@: very quick, somewhat resistant to hostile enchantments, fairly stealthy
A: unfitting armour, see invisible, herbivore 3, speed 3, slow metabolism 2
a: Heroism, Renounce Religion


You were on level 6 of the Dungeon.
You worshipped Okawaru.
Okawaru was most pleased with you.
You were not hungry.

You visited 1 branch of the dungeon, and saw 6 of its levels.

You collected 312 gold pieces.

Inventory:

Hand Weapons
 d - a +0 short sword
 n - the +2 war axe "Quab" (weapon) {drain, Str+9}
   (You found it on level 5 of the Dungeon)

   A truly terrible weapon, it drains the life of those it strikes.
   It affects your strength (+9).
 t - a +0 whip of electrocution
Armour
 a - a +1 robe (worn)
 h - a cursed +0 buckler
Jewellery
 e - a ring of resist corrosion (right hand)
 o - a +3 ring of intelligence
 x - a +3 ring of protection (left hand)
 E - an amulet of harm (around neck)
Scrolls
 j - a scroll of blinking {unknown}
 k - 3 scrolls of recharging {unknown}
 m - a scroll of amnesia
 s - a scroll of fear {unknown}
 u - 2 scrolls of fog
 y - 2 scrolls of enchant armour
 C - a scroll of teleportation
 D - 2 scrolls of remove curse
Potions
 f - 2 potions of brilliance {unknown}
 i - 2 potions of mutation {unknown}
 l - a potion of cancellation
 p - 2 potions of haste {unknown}
 q - a potion of might
 r - 4 potions of curing
 v - 3 potions of agility
 w - a potion of flight
 A - a potion of berserk rage
Books
 b - a Young Poisoner's Handbook

   Spells                             Type                      Level
   a - Sting                          Conjuration/Poison           1
   b - Cure Poison                    Poison                       2
   c - Mephitic Cloud                 Conjuration/Poison/Air       3
   d - Olgreb's Toxic Radiance        Poison                       4
   e - Venom Bolt                     Conjuration/Poison           5
 z - a Fen Folio

   Spells                             Type                      Level
   a - Corpse Rot                     Necromancy                   2
   b - Stone Arrow                    Conjuration/Earth            3
   c - Leda's Liquefaction            Hexes/Earth                  4
   d - Summon Forest                  Summoning/Translocation      5
   e - Hydra Form                     Transmutation                6
   f - Summon Hydra                   Summoning                    7
 F - an Akashic Record

   Spells                             Type                      Level
   a - Dispersal                      Translocation                6
   b - Malign Gateway                 Summoning/Translocation      7
   c - Disjunction                    Translocation                8
   d - Controlled Blink               Translocation                8
 G - a book of Maledictions

   Spells                             Type                      Level
   a - Corona                         Hexes                        1
   b - Ensorcelled Hibernation        Hexes/Ice                    2
   c - Confuse                        Hexes                        3
   d - Tukima's Dance                 Hexes                        3
   e - Dazzling Spray                 Conjuration/Hexes            3
Comestibles
 c - 8 bread rations
 g - 9 fruits
 B - a slice of pizza


   Skills:
 + Level 0.8 Fighting
 + Level 1.4 Short Blades
 + Level 1.4 Axes
 + Level 6.2 Dodging
 + Level 4.0 Stealth
 * Level 6.5 Spellcasting
 + Level 1.9 Conjurations
 * Level 1.7 Hexes
 + Level 1.8 Air Magic
 + Level 5.1 Poison Magic


You had 10 spell levels left.
You knew the following spells:

 Your Spells              Type           Power        Failure   Level  Hunger
a - Sting                 Conj/Pois      ###.         2%          1    None
b - Dazzling Spray        Conj/Hex       ##......     17%         3    ##.....
c - Mephitic Cloud        Conj/Pois/Air  ###.....     12%         3    ##.....
d - Cure Poison           Pois           ###.......   1%          2    None


Dungeon Overview and Level Annotations

Branches:
Dungeon (6/15)             Temple (0/1) D:5

Altars:
Ashenzari
Dithmenos
Nemelex Xobeh
Okawaru
Sif Muna
Trog


Innate Abilities, Weirdness & Mutations

You are tiny and cannot use many weapons and most armour.
You have supernaturally acute eyesight.
You are a herbivore.
You cover ground extremely quickly.
You need consume almost no food.


Message History

Confirm with . or Enter, or press ? or * to list all spells.
Aiming: Sting
Press: ? - help, Shift-Dir - straight line, f/p - orc wizard
Aim: an orc wizard, wielding a dagger and wearing a robe (moderately wounded, poisoned)
The sting hits the orc wizard.
The orc wizard is almost dead.
You kill the orc wizard!
Okawaru accepts your kill.
Unknown command.
Unknown command.
Unknown command.
Casting: Sting
Confirm with . or Enter, or press ? or * to list all spells.
Aiming: Sting
Press: ? - help, Shift-Dir - straight line, f - orc wizard
Aim: an orc wizard, wielding a dagger and wearing a robe (fast)
The sting misses the orc wizard.
The orc priest mumbles some strange prayers to Beogh against you.
Beogh smites you!
You die...

########
.......###############
.##......o..)o..@....#
....o..#############.#
.##.#./# #.# #.....#
#.# .o§o...# #.#
.o.#§... #.# ..###..#.
#.# .# ##.#.# #.# #
##. # #.#


You could see an orc priest and an orc wizard.

Vanquished Creatures
  An ice beast (D:5)
  An ogre (D:4)
  A centaur (D:5)
  A scorpion (D:4)
  A water moccasin skeleton (D:5)
  A howler monkey (D:5)
  2 hounds (D:5)
  2 jellies
  3 orc wizards
  A giant frog skeleton (D:4)
  4 worker ants
  2 iguanas
  2 hound zombies (D:5)
  2 hound skeletons
  2 adders
  A howler monkey skeleton (D:6)
  An ooze (D:4)
  An adder skeleton (D:5)
  3 worms
  2 giant geckos (D:1)
  11 orcs
  6 giant cockroaches
  7 hobgoblins
  8 jackals
  A quokka (D:2)
  A ball python (D:4)
  5 bats
  A giant gecko zombie (D:5)
  5 giant newts
  5 goblins
  A jackal zombie (D:6)
  8 kobolds
  6 rats
99 creatures vanquished.

Vanquished Creatures (others)
  A centaur (D:5)
1 creature vanquished.

Grand Total: 100 creatures vanquished

Notes
Turn   | Place    | Note
--------------------------------------------------------------
     0 | D:1      | nubinia the Spriggan Venom Mage began the quest for the Orb.
     0 | D:1      | Reached XP level 1. HP: 9/9 MP: 5/5
   235 | D:1      | Reached XP level 2. HP: 5/13 MP: 1/6
   243 | D:1      | Learned a level 2 spell: Cure Poison
  1457 | D:2      | Found a shadowy altar of Dithmenos.
  1523 | D:2      | Reached XP level 3. HP: 16/16 MP: 4/8
  1528 | D:2      | Learned a level 3 spell: Mephitic Cloud
  2247 | D:3      | Found a faded altar to an unknown god.
  2252 | D:3      | Became a worshipper of Warmaster Okawaru
  2252 | D:3      | Reached * piety under Okawaru
  2515 | D:4      | Reached XP level 4. HP: 5/21 MP: 1/10
  2609 | D:4      | Reached skill level 1 in Conjurations
  2631 | D:4      | Found a sparkling altar of Nemelex Xobeh.
  2643 | D:4      | Reached skill level 1 in Air Magic
  2643 | D:4      | Reached XP level 5. HP: 12/24 MP: 8/12
  2738 | D:4      | Noticed an ogre
  2773 | D:4      | Killed an ogre
  2773 | D:4      | Reached ** piety under Okawaru
  2773 | D:4      | Reached XP level 6. HP: 18/28 MP: 6/14
  2925 | D:4      | Reached skill level 5 in Dodging
  2925 | D:4      | Reached skill level 5 in Spellcasting
  3055 | D:4      | Found a shattered altar of Ashenzari.
  3273 | D:5      | Entered Level 5 of the Dungeon
  3329 | D:5      | Noticed an ice beast
  3385 | D:5      | Learned a level 3 spell: Dazzling Spray
  3441 | D:5      | HP: 1/28 [centaur/arrow (5)]
  3450 | D:5      | Reached skill level 1 in Short Blades
  3450 | D:5      | Reached skill level 5 in Poison Magic
  3450 | D:5      | Reached XP level 7. HP: 20/32 MP: 0/16
  3457 | D:5      | Got an ichor-stained war axe
  3458 | D:5      | Identified the +2 war axe "Quab" {drain, Str+9} (You found it on level 5 of the Dungeon)
  3486 | D:5      | Reached skill level 1 in Hexes
  3830 | D:5      | Reached *** piety under Okawaru
  3830 | D:5      | Reached skill level 1 in Axes
  4083 | D:5      | Found a staircase to the Ecumenical Temple.
  4145 | D:5      | Found a deep blue altar of Sif Muna.
  4145 | D:5      | Found a bloodstained altar of Trog.
  4530 | D:6      | Killed from afar by an orc priest

Vault maps used:
D:1:      minmay_arrival_five_plusses
D:2:      lemuel_coloured_pillars_altar
D:3:      ecumenical_altar_1, first_bread
D:4:      kennysheep_mini, marbit_many_paths
D:5:      corexii_shack_village, gammafunk_temple_overflow_elements,
          lemuel_temple_firewalk_marked
D:6:      minitemple, uniq_sigmund

Skill      XL: |  1  2  3  4  5  6  7 |
---------------+----------------------+-----
Spellcasting   | 3 4 5 6 |  6.5
Conjurations   | 1 |  1.9
Dodging        | 4 5 6 |  6.2
Air Magic      | 1 |  1.8
Short Blades   | 1 |  1.4
Poison Magic   | 5 |  5.1
Hexes          | 1 |  1.7
Stealth        | 4 |  4.0
Axes           | 1 |  1.4
Fighting       | |  0.8

Action                   |  1- 3 |  4- 6 |  7- 9 || total
-------------------------+-------+-------+-------++-------
Melee: Short sword       |    64 |    63 |       ||   127
       Whip              |     6 |       |       ||     6
       War axe           |       |       |    75 ||    75
 Cast: Sting             |    96 |    43 |    15 ||   154
       Mephitic Cloud    |       |     3 |     2 ||     5
  Use: Scroll            |     7 |     6 |       ||    13
       Potion            |       |     3 |       ||     3
 Stab: Sleeping          |     4 |     1 |     8 ||    13
       Confused          |       |     1 |       ||     1
       Distracted        |       |       |     1 ||     1
  Eat: Royal jelly       |       |       |     1 ||     1
Armor: Robe              |     5 |    12 |    16 ||    33
Dodge: Dodged            |    79 |    64 |    89 ||   232
